 Dungeon Crawl Stone Soup version 0.19.1 (webtiles) character file.

1085 ChaseSP the Blocker (level 8, -3/58 HPs)
             Began as a Formicid Fighter on Dec 3, 2016.
             Was an Initiate of Qazlal.
             Slain by an ogre
             ... wielding a cursed +0 giant spiked club
              (14 damage)
             ... on level 5 of the Dungeon.
             The game lasted 00:11:22 (4290 turns).

ChaseSP the Blocker (Formicid Fighter)              Turns: 4290, Time: 00:11:23

Health: -3/58      AC: 11    Str: 21    XL:     8   Next: 55%
Magic:  8/8        EV:  7    Int:  9    God:    Qazlal [......]
Gold:   319        SH: 11    Dex: 11    Spells: 0 memorised, 7 levels left

rFire  . . .     SeeInvis +     a - +0 war axe
rCold  . . .     Gourm    .     h - +0 chain mail
rNeg   + . .     Faith    .     c - +0 shield
rPois  +         Spirit   .     (helmet unavailable)
rElec  .         Reflect  .     (no cloak)
rCorr  .         Harm     .     (no gloves)
MR     .....                    (no boots)
Stlth  ..........               (no amulet)
                                (no ring)
                                i - ring of positive energy

@: no status effects
A: permanent stasis, dig shafts and tunnels, four strong arms, antennae 3, thin
metallic scales 1, poison resistance
a: Dig, Shaft Self, Renounce Religion


You were on level 5 of the Dungeon.
You worshipped Qazlal.
Qazlal was noncommittal.
You were hungry.

You visited 2 branches of the dungeon, and saw 6 of its levels.
You also visited: Sewer.

You collected 319 gold pieces.

Inventory:

Hand Weapons
 a - a +0 war axe (weapon)
 E - a +0 flail of protection
Missiles
 p - 24 bolts
 t - 6 tomahawks (quivered)
Armour
 b - a +0 scale mail
 c - a +0 shield (worn)
 h - a +0 chain mail (worn)
 j - a +0 plate armour
Jewellery
 i - a ring of positive energy (left hand)
Wands
 x - a wand of lightning (7/15)
 C - a wand of flame (17/48)
Scrolls
 d - 2 scrolls of fog
 e - 4 scrolls of recharging
 k - 5 scrolls of teleportation
 l - a scroll of enchant weapon {unknown}
 m - 2 scrolls of remove curse
 o - a scroll of immolation {unknown}
 u - a scroll of random uselessness {unknown}
 y - a scroll of enchant armour {unknown}
Potions
 g - 2 potions of curing
 n - 3 potions of degeneration {unknown}
 q - 3 potions of flight {unknown}
 r - 2 potions of cure mutation {unknown}
 s - 2 potions of might
 v - a potion of magic {unknown}
 w - a potion of haste
 z - 5 potions of lignification {unknown}
Books
 D - a book of Callings

   Spells                             Type                      Level
   a - Summon Small Mammal            Summoning                    1
   b - Call Imp                       Summoning                    2
   c - Call Canine Familiar           Summoning                    3
   d - Summon Guardian Golem          Hexes/Summoning              3
   e - Summon Lightning Spire         Summoning/Air                4
   f - Summon Ice Beast               Ice/Summoning                4
Comestibles
 f - 3 bread rations
 A - a meat ration
 B - 2 beef jerkies


   Skills:
 - Level 3.2 Fighting
 + Level 7.3 Axes
 - Level 3.2 Armour
 + Level 8.5 Shields


You had 7 spell levels left.
You didn't know any spells.

Dungeon Overview and Level Annotations

Branches:
Dungeon (5/15)             Temple (1/1) D:4

Altars:
Fedhas
Gozag
Hepliaklqana
Kikubaaqudgha
Nemelex Xobeh
Qazlal
Trog
Xom
Zin
The Shining One

Annotations:
D:5 bza's ghost, novice MfGl


Innate Abilities, Weirdness & Mutations

You are under a permanent stasis effect.
You can dig through walls and to a lower floor.
Your four strong arms can wield two-handed weapons with a shield.
You have a pair of large antennae on your head. (SInv)
You are partially covered in thin metallic scales. (AC +2)
Your system is resistant to poisons. (rPois)


Message History

The ogre is heavily wounded.
The ogre barely misses you.
You hit the ogre.
The ogre is severely wounded.
You barely miss the ogre.
The ogre is severely wounded.
You block the ogre's attack.
You hit the ogre but do no damage.
The ogre is severely wounded.
The ogre hits you with a giant spiked club!!
Ouch! That really hurt!
* * * LOW HITPOINT WARNING * * *
You are too injured to fight recklessly!
You hit the ogre.
The ogre is severely wounded.
You block the ogre's attack.
You hit the ogre.
The ogre is almost dead.
The ogre hits you with a giant spiked club!
You die...

#.#............########
####..................#
########..................#
.................>........#
######...................#
########...................#
#.........................#
###[†...)......[........§...#
................@O...<..§...#
..#.####.........[......§...#
..O.........................#
....##......#..............##
###.#.......##.....##.....##
#.#.88....####..88####.##
#.....##### #8...# .# ##...#
.....# .# .## #8...#


You could see an ogre.

Vanquished Creatures
  Edmund (D:5)
  Duvessa (D:5)
  A phantom (D:5)
  A centaur (D:5)
  A bullfrog (D:3)
  Dowan (D:5)
  A scorpion (D:5)
  A howler monkey (D:5)
  A crimson imp (D:5)
  2 orc priests
  2 orc wizards
  2 bullfrog skeletons
  A worker ant (D:4)
  A hound skeleton (D:5)
  2 howler monkey skeletons
  4 river rats
  5 adders
  2 oozes
  2 adder skeletons (D:5)
  An adder zombie (D:5)
  A worm (D:4)
  7 leopard geckos
  13 orcs
  6 ball pythons
  7 bats
  7 giant cockroaches
  8 goblins
  6 hobgoblins
  11 jackals
  10 kobolds
  A ball python zombie (D:5)
  11 frilled lizards
  A giant cockroach zombie (D:5)
  11 rats
133 creatures vanquished.

Notes
Turn   | Place    | Note
-------+----------+-------------------------------------------
     0 | D:1      | ChaseSP the Formicid Fighter began the quest for the Orb.
     0 | D:1      | Reached XP level 1. HP: 18/18 MP: 1/1
   118 | D:1      | Reached XP level 2. HP: 18/24 MP: 2/2
   134 | D:1      | Reached skill level 4 in Shields
   509 | D:1      | Reached XP level 3. HP: 29/29 MP: 3/3
   755 | D:2      | Found a blossoming altar of Fedhas.
   771 | D:2      | Found a glowing silver altar of Zin.
   795 | D:2      | Gained mutation: Your system is resistant to poisons. (rPois) [potion of beneficial mutation]
  1149 | D:2      | Reached XP level 4. HP: 30/35 MP: 4/4
  1385 | D:2      | Found a glowing golden altar of the Shining One.
  1397 | D:2      | Found an ancient bone altar of Kikubaaqudgha.
  1658 | D:3      | Found a glowing drain.
  1667 | D:3      | Reached skill level 5 in Shields
  1702 | D:3      | Gained mutation: You are partially covered in thin metallic scales. (AC +2) [potion of beneficial mutation]
  1807 | Sewer    | Entered a sewer
  1836 | Sewer    | Reached XP level 5. HP: 35/41 MP: 5/5
  2662 | D:3      | Noticed a bullfrog
  2668 | D:3      | Killed a bullfrog
  2668 | D:3      | Reached XP level 6. HP: 40/47 MP: 6/6
  2844 | D:4      | Reached skill level 5 in Axes
  2904 | D:4      | Reached skill level 6 in Shields
  2942 | D:4      | Found a staircase to the Ecumenical Temple.
  2970 | Temple   | Entered the Ecumenical Temple
  2976 | Temple   | Became a worshipper of Qazlal Stormbringer
  3323 | D:4      | Reached XP level 7. HP: 52/52 MP: 7/7
  3361 | D:5      | Entered Level 5 of the Dungeon
  3362 | D:5      | Noticed Edmund
  3366 | D:5      | Noticed bza's ghost (novice MfGl)
  3508 | D:5      | Noticed Duvessa
  3519 | D:5      | Noticed Dowan
  3633 | D:5      | Killed Duvessa
  3642 | D:5      | Killed Dowan
  3642 | D:5      | Reached skill level 7 in Shields
  3870 | D:5      | Reached XP level 8. HP: 47/58 MP: 8/8
  4049 | D:5      | Reached skill level 8 in Shields
  4050 | D:5      | Killed Edmund
  4290 | D:5      | Slain by an ogre

Skill      XL: |  1  2  3  4  5  6  7  8 |
---------------+-------------------------+-----
Shields        | 4 5 6 7 8 |  8.5
Axes           | 3 4 5 6 7 |  7.3
Fighting       | |  3.2
Armour         | |  3.2

Action                   |  1- 3 |  4- 6 |  7- 9 || total
-------------------------+-------+-------+-------++-------
Melee: War axe           |   116 |   276 |   131 ||   523
 Abil: Dig               |       |     2 |     1 ||     3
  Use: Potion            |     3 |     2 |     2 ||     7
       Scroll            |     2 |     2 |     2 ||     6
  Eat: Chunk             |     1 |     8 |     3 ||    12
Armor: Scale mail        |    48 |    52 |       ||   100
       Chain mail        |       |    75 |    57 ||   132
Dodge: Dodged            |    47 |    87 |    30 ||   164
Block: Shield            |    75 |   140 |    73 ||   288
